 Dungeon Crawl Stone Soup version 0.26.1-10-gdfb7c7de75 (webtiles) character file.

Game seed: 2661599473776999113

2176 oldmanjim the Ruffian (level 9, -7/67 (75) HPs)
             Began as a Grey Draconian Transmuter on Mar 23, 2021.
             Killed from afar by Harold (16 damage)
             ... with a harpoon shot
             ... on level 7 of the Dungeon on Mar 31, 2021.
             The game lasted 00:57:49 (9772 turns).

oldmanjim the Ruffian (Grey Draconian Transmuter)   Turns: 9772, Time: 00:57:49

HP:   -7/67 (75)    AC:  2    Str: 20    XL:     9   Next: 11%
MP:   14/16         EV: 19    Int: 15    God:
Gold: 340           SH:  0    Dex: 17    Spells: 14/18 levels left

rFire    . . .     SeeInvis .     - Unarmed
rCold    . . .     Faith    .   (shield currently unavailable)
rNeg     . . .     Spirit   .   (armour unavailable)
rPois    x         Reflect  .   (helmet currently unavailable)
rElec    .         Harm     .   (cloak currently unavailable)
rCorr    .         Rampage  .   (gloves currently unavailable)
Will     .....                  (boots currently unavailable)
Stlth    ++........             k - amulet of regeneration
HPRegen  0.61/turn              m - ring of wizardry
MPRegen  0.15/turn              t - +6 ring of strength

@: spider-form (expiring), marked, heavily drained
A: tiny, (walk through water), unfitting armour, AC +12
a: End Transformation


You were on level 7 of the Dungeon.
You were a venomous arachnid creature.
You visited 2 branches of the dungeon, and saw 8 of its levels.

You collected 340 gold pieces.

Inventory:

Hand Weapons
 a - a +2 dagger of draining
 b - a +0 hunting sling (melded)
 u - a +2 rapier of holy wrath
Missiles
 e - 187 stones
 n - 47 poisoned darts
 o - 9 javelins
Armour
 r - a +0 cloak (melded)
 y - a +0 pair of boots (melded)
Jewellery
 k - an amulet of regeneration (around neck)
 m - a ring of wizardry (left front leg)
 t - a +6 ring of strength (right front leg)
 w - an uncursed ring of fire
 z - an uncursed ring of willpower {unknown}
Wands
 f - a wand of disintegration (10) (quivered)
 q - a wand of random effects (34)
Scrolls
 d - a scroll of fear
 g - a scroll of amnesia
 i - a scroll of brand weapon {unknown}
 j - 3 scrolls of remove curse
 v - a scroll of magic mapping {unknown}
Potions
 c - a potion of might {unknown}
 l - a potion of haste
 p - a potion of mutation
 s - 2 potions of brilliance
 x - 2 potions of heal wounds {unknown}


   Skills:
 - Level 6.0 Fighting
 - Level 2.0 Dodging
 + Level 6.1 Unarmed Combat
 - Level 5.0 Spellcasting
 - Level 6.0 Transmutations
 + Level 0.7 Poison Magic
 - Level 5.0 Evocations


You had 14 spell levels left.
You knew the following spells:

 Your Spells              Type           Power        Failure   Level
a - Beastly Appendage     Tmut           42%          2%          1
b - Spider Form           Tmut/Pois      6%           12%         3

Your spell library contained the following spells:

 Spells                   Type           Power        Failure   Level
 Wereblood                Tmut           21%          3%          2
 Blade Hands              Tmut           10%          28%         5
 Ice Form                 Ice/Tmut       12%          32%         4


Dungeon Overview and Level Annotations

Branches:
Dungeon (7/15)             Temple (1/1) D:6

Altars:
Ashenzari
Cheibriados
Dithmenos
Elyvilon
Fedhas
Hepliaklqana
Kikubaaqudgha
Makhleb
Nemelex Xobeh
Ru
Sif Muna
Trog
Vehumet
Wu Jian
Zin
The Shining One

Annotations:
D:7 Harold


Innate Abilities, Weirdness & Mutations

((You can walk through water.))
((Your dull iron-grey scales are very hard. (AC +12)))
You cannot fit into any form of body armour.
((You can survive without breathing.))
((You are cold-blooded and may be slowed by cold attacks.))


Message History

The harpoon shot misses you.
The orc wizard points at itself and mumbles some strange words.
The orc wizard flickers and vanishes!
Deactivating autopickup; reactivate with Ctrl-A.
Your transformation is almost over.
You are confused.
Harold fires a harpoon shot at you. The harpoon shot misses you.
The orc priest calls down the wrath of Beogh upon you.
Beogh smites you!
* * * LOW HITPOINT WARNING * * *
A puff of flame appears from out of thin air!
The puff of flame hits you!
* * * LOW HITPOINT WARNING * * *
Unknown command.
You are too confused!
You feel better. Harold fires a harpoon shot at you. The harpoon shot hits you!
You die...

###############
####....≈.≈≈..#...
####.....≈.....≈≈.)###
#≈≈≈≈≈≈≈≈≈≈≈≈≈≈≈≈≈≈≈≈#
###≈≈≈..≈≈≈≈≈≈≈≈≈≈≈≈≈≈
##.≈.≈s.@≈≈...≈≈.#
#..<≈≈..§§.o≈.≈..#
##.##.≈≈..{..≈..##
#.##.#######...#
#.##.# #...# #....#
#@..# .##########.####
#.{.#######
...........#
#.o........ ..
######..# ##)########


You could see Harold (very poisoned) and an orc priest.

Vanquished Creatures
  2 orc warriors
  An ice beast (D:6)
  2 phantoms
  2 ogres
  Blork the orc (D:5)
  5 bullfrogs
  A wyvern skeleton (D:6)
  A scorpion (D:5)
  4 wights (D:6)
  A howler monkey (D:6)
  A bullfrog zombie (D:7)
  A centaur zombie (D:6)
  A quasit (D:4)
  2 hounds
  A centaur skeleton (D:6)
  4 orc priests
  2 iguanas (D:4)
  3 orc wizards
  Natasha (thrice) (D:4)
  6 worker ants
  2 worker ant zombies (D:6)
  3 gnolls (D:5)
  3 adders (D:3)
  2 white imps (D:6)
  3 ufetubi
  An ooze (D:7)
  3 worms
  4 leopard geckos
  19 orcs
  4 giant cockroaches
  5 goblins
  5 hobgoblins
  11 jackals
  9 kobolds
  3 quokkas
  2 ball pythons
  6 bats
  6 frilled lizards
  A leopard gecko skeleton (D:4)
  A leopard gecko zombie (D:7)
  7 rats
144 creatures vanquished.

Vanquished Creatures (others)
  2 fungi (D:6)
  A plant (D:3)
3 creatures vanquished.

Grand Total: 147 creatures vanquished

Notes
Turn   | Place    | Note
-------+----------+-------------------------------------------
     0 | D:1      | oldmanjim the Draconian Transmuter began the quest for the
                  | Orb.
     0 | D:1      | Reached XP level 1. HP: 16/16 MP: 3/3
   297 | D:1      | Reached XP level 2. HP: 23/23 MP: 5/5
  1224 | D:1      | Found a glowing silver altar of Zin.
  1314 | D:2      | Reached XP level 3. HP: 28/28 MP: 6/6
  1897 | D:3      | Reached XP level 4. HP: 17/37 MP: 7/7
  2108 | D:3      | Found a sacrificial altar of Ru.
  2581 | D:3      | You fall into a shaft and drop 1 floor!
  2757 | D:3      | Reached XP level 5. HP: 45/45 MP: 8/8
  3717 | D:4      | Noticed a phantom
  3780 | D:4      | Killed a phantom
  3781 | D:4      | Reached XP level 6. HP: 25/53 MP: 9/9
  4072 | D:4      | Reached skill level 5 in Fighting
  4232 | D:4      | Found a burning altar of Makhleb.
  4291 | D:4      | Reached skill level 1 in Evocations
  4614 | D:4      | Found an ancient bone altar of Kikubaaqudgha.
  4617 | D:4      | Found a blossoming altar of Fedhas.
  4618 | D:4      | Noticed Natasha
  4641 | D:4      | HP: 2/56 [Natasha/magic dart (10)]
  4645 | D:4      | Killed Natasha
  4798 | D:4      | Noticed Natasha
  5143 | D:4      | Killed Natasha
  5212 | D:4      | Noticed Natasha
  5395 | D:4      | Found a blossoming altar of Fedhas.
  5438 | D:4      | Killed Natasha
  5439 | D:4      | Your scales start taking on a dull iron-grey colour.
  5439 | D:4      | Reached XP level 7. HP: 46/61 MP: 10/10
  5439 | D:4      | Gained mutation: You can survive without breathing. [Grey
                  | Draconian growth]
  5583 | D:4      | Found a burning altar of Makhleb.
  6338 | D:5      | Entered Level 5 of the Dungeon
  6773 | D:5      | Noticed Blork the orc
  6792 | D:5      | Killed Blork the orc
  6793 | D:5      | Reached skill level 5 in Evocations
  7058 | D:5      | Found a broken altar of Ashenzari.
  7852 | D:5      | Found a sparkling altar of Nemelex Xobeh.
  7988 | D:6      | Reached XP level 8. HP: 62/70 MP: 11/13
  8060 | D:6      | Found a broken altar of Ashenzari.
  8064 | D:6      | Saw a vision of the Swamp and the Spider Nest.
  8064 | D:6      | Noticed a wolf spider
  8064 | D:6      | Noticed a wolf spider
  8064 | D:6      | Noticed a hornet
  8064 | D:6      | Noticed a will-o-the-wisp
  8064 | D:6      | Noticed a will-o-the-wisp
  8064 | D:6      | Noticed a will-o-the-wisp
  8135 | D:6      | Found a staircase to the Ecumenical Temple.
  8267 | D:6      | Upgraded the game from 0.26.1-2-gb8aa6d0cf2 to
                  | 0.26.1-10-gdfb7c7de75
  8350 | D:6      | Reached skill level 5 in Spellcasting
  8451 | Temple   | Entered the Ecumenical Temple
  9043 | D:6      | Reached skill level 5 in Unarmed Combat
  9043 | D:6      | Reached skill level 5 in Transmutations
  9335 | D:6      | Learned a level 3 spell: Spider Form
  9592 | D:7      | Reached XP level 9. HP: 75/75 MP: 16/16
  9740 | D:7      | Noticed Harold
  9770 | D:7      | HP: 1/67 [something/puff of flame (12)]
  9772 | D:7      | Killed from afar by Harold

Illustrated notes

Levels and vault maps discovered:
D:1:      dpeg_arrival_water_altar, layout_loops_ring, nrook_loot_triangle
D:2:      layout_basic
D:3:      layout_loops_ring, nicolae_ru_sacrificial_ziggurat,
          minmay_tree_intersection, serial_bayou_pond_d
D:4:      layout_basic, grunt_temple_overflow_growth_and_decay,
          lemuel_doored_altar, minmay_bent, uniq_natasha
D:5:      kennysheep_big_flooded_room, layout_layer_cave,
          nicolae_overflow_crystal_walls, kennysheep_mini, uniq_blork_the_orc
D:6:      layout_basic, minmay_temple_entry_large_hall, st_stairs_4,
          grunt_ashenzari_visionary [grunt_ashenzari_visionary_swamp,
          grunt_ashenzari_visionary_spider]
D:7:      layout_loops_ring, old_standard_altar, grunt_temple_overflow_diamond,
          grunt_temple_overflow_open, basic_altar,
          chequers_serial_rivers_small_3, uniq_harold
Temple:   nicolae_temple_figure_zero

Skill      XL: |  1  2  3  4  5  6  7  8  9 |
---------------+----------------------------+-----
Dodging        | 2 |  2.0
Fighting       | 2 3 4 5 6 |  6.0
Transmutations | 3 4 5 6 |  6.0
Unarmed Combat | 4 5 6 |  6.1
Evocations     | 3 5 |  5.0
Spellcasting   | 3 5 |  5.0
Poison Magic   | |  0.7

Action                   |  1- 3 |  4- 6 |  7- 9 || total
-------------------------+-------+-------+-------++-------
Melee: Unarmed           |    70 |       |    53 ||   123
       Tailslap          |    10 |    13 |    56 ||    79
       Headbutt          |     2 |     1 |       ||     3
       Punch             |     2 |     4 |     8 ||    14
       Kick              |     1 |       |       ||     1
       Dagger            |    79 |   132 |   374 ||   585
 Fire: Hunting sling     |    35 |    61 |    80 ||   176
Throw: Dart              |       |    12 |     3 ||    15
 Cast: Beastly Appendage |     1 |     1 |       ||     2
       Spider Form       |       |       |     5 ||     5
Evoke: Wand              |       |       |     1 ||     1
  Use: Scroll            |       |       |     9 ||     9
       Potion            |       |       |     1 ||     1
 Stab: Sleeping          |     1 |       |       ||     1
Armor: Skin              |    66 |    34 |   207 ||   307
Dodge: Dodged            |   121 |    96 |   399 ||   616
